 Dungeon Crawl Stone Soup version 0.29.1-13-g9f3cf754e1 (webtiles) character file.

Game seed: 16387092810895928562

86 booth the Covered (level 4, -1/38 HPs)
             Began as a Gnoll Wanderer on Jan 30, 2023.
             Slain by a goblin
             ... wielding a +1 dagger of electrocution
              (20 damage)
             ... on level 3 of the Dungeon on Jan 31, 2023.
             The game lasted 00:20:53 (3282 turns).

booth the Covered (Gnoll Wanderer)                  Turns: 3282, Time: 00:20:54

Health: -1/38      AC: 17    Str: 13    XL:     4   Next: 49%
Magic:  11/11      EV:  6    Int: 12    God:
Gold:   138        SH:  0    Dex: 11    Spells: 9/13 levels left

rFire   . . .      SeeInvis .   l - +0 short sword (protect)
rCold   . . .      Faith    .   (no shield)
rNeg    . . .      Spirit   .   d - +0 chain mail
rPois   .          Reflect  .   (no helmet)
rElec   .          Harm     .   (no cloak)
rCorr   .          Rampage  .   (no gloves)
Will    .....                   (no boots)
Stlth   ..........              (no amulet)
HPRegen 0.12/turn               (no ring)
MPRegen 0.12/turn               (no ring)

@: under a protective aura
A: fangs 1, strong nose, distributed training
a: no special abilities


You were on level 3 of the Dungeon.
You visited 1 branch of the dungeon, and saw 3 of its levels.

You collected 138 gold pieces.

Inventory:

Hand Weapons
 h - a +0 morningstar
 k - a +0 flail
 l - a +0 short sword of protection (weapon)
Missiles
 e - 2 boomerangs (quivered)
 j - 33 stones
Armour
 d - a +0 chain mail (worn)
Scrolls
 a - a scroll of identify
 f - a scroll of enchant armour {unknown}
 i - a scroll of vulnerability {unknown}
 m - a scroll of silence {unknown}
Potions
 b - a potion of berserk rage
 c - 4 potions of haste
 g - 3 potions of curing {unknown}
 n - 3 potions of lignification {unknown}


   Skills:
 + Level 4.6 Fighting
 + Level 1.2 Short Blades
 + Level 1.2 Long Blades
 + Level 1.2 Axes
 + Level 1.2 Maces & Flails
 + Level 1.2 Polearms
 + Level 1.2 Staves
 + Level 1.2 Ranged Weapons
 + Level 1.2 Throwing
 + Level 6.6 Armour
 + Level 1.2 Dodging
 + Level 1.2 Stealth
 + Level 1.2 Shields
 + Level 1.2 Unarmed Combat
 + Level 5.1 Spellcasting
 + Level 1.0 Conjurations
 + Level 3.8 Hexes
 + Level 1.0 Summonings
 + Level 1.0 Necromancy
 + Level 1.0 Translocations
 + Level 1.0 Transmutations
 + Level 1.0 Fire Magic
 + Level 1.0 Ice Magic
 + Level 1.0 Air Magic
 + Level 1.0 Earth Magic
 + Level 1.0 Poison Magic
 + Level 1.3 Invocations
 + Level 2.8 Evocations


You had 9 spell levels left.
You knew the following spells:

 Your Spells              Type           Power      Damage    Failure   Level
a - Slow                  Hex            48%        N/A       67%         1
b - Confusing Touch       Hex            12%        N/A       95%         3

Your spell library contained the following spells:

 Spells                   Type           Power      Damage    Failure   Level


Dungeon Overview and Level Annotations

Branches:
Dungeon (3/15)

Altars:


Innate Abilities, Weirdness & Mutations

You have very sharp teeth.
Your uncanny sense of smell can sniff out nearby items.
Your experience applies equally to all skills.


Message History

You hit the giant cockroach.
You kill the giant cockroach!
Found 2 grey potions.
n - 3 grey potions (gained 2)
Found 12 gold pieces.
You now have 138 gold pieces (gained 12).
An endoplasm comes into view.
The endoplasm quivers.
You hit the endoplasm.
Your weapon exudes an aura of protection.
The endoplasm is almost dead.
The endoplasm hits you but does no damage.
You hit the endoplasm.
You kill the endoplasm!
A bat comes into view.
Found a stone staircase leading up.
The bat closely misses you.
You hit the bat.
Your weapon exudes an aura of protection.
You kill the bat!
Found a stone staircase leading up.
You see here a bat corpse.
Found 11 gold pieces.
A rat and a goblin come into view.
The goblin is wielding a +1 dagger of electrocution.
The goblin shouts!
The goblin hits you but does no damage.
You hit the goblin but do no damage.
Your weapon exudes an aura of protection.
Your bite misses the goblin. The goblin hits you but does no damage.
You closely miss the goblin. The goblin closely misses you.
You hit the goblin. Your bite misses the goblin.
The goblin is heavily wounded.
The goblin hits you but does no damage.
You are electrocuted!
You closely miss the goblin.
The goblin is heavily wounded.
The goblin hits you with a +1 dagger of electrocution.
You are electrocuted!!
Ouch! That really hurt!
You die...

#.#
#...............
#.#
#.######........
#.# #. #.#..####
#.##### #.#..#
#.....# #.# .#
#####†# ## .#.
.# #.# .. # # .
#.#.# ## #@g.#
##r.# <.# ....
.<### $## .# .#


You could see a goblin and a rat.

Vanquished Creatures
  3 gnolls (D:2)
  An adder (D:2)
  An orc (D:3)
  4 bats
  3 endoplasms
  5 giant cockroaches
  5 goblins
  4 hobgoblins
  4 jackals (D:1)
  3 kobolds
  2 quokkas
  2 ball pythons
  A frilled lizard (D:2)
  6 rats
44 creatures vanquished.

Vanquished Creatures (others)
  12 plants
12 creatures vanquished.

Grand Total: 56 creatures vanquished

Notes
Turn   | Place    | Note
-------+----------+-------------------------------------------
     0 | D:1      | booth the Gnoll Wanderer began the quest for the Orb.
     0 | D:1      | booth set off with the following items: a +0 club, a scroll
                  | of teleportation, a potion of haste, a +0 chain mail; and
                  | the following spell memorised: Slow; and the following
                  | spells available to memorise: Confusing Touch.
     0 | D:1      | Reached XP level 1. HP: 20/20 MP: 6/6
   286 | D:1      | Reached XP level 2. HP: 22/26 MP: 7/7
   941 | D:1      | Reached skill level 5 in Spellcasting
   941 | D:1      | Reached XP level 3. HP: 22/31 MP: 7/9
   945 | D:1      | Learned a level 3 spell: Confusing Touch
  1559 | D:2      | Found a faded altar of an unknown god.
  1641 | D:2      | Reached skill level 1 in Invocations
  1986 | D:2      | Reached skill level 1 in Short Blades
  1986 | D:2      | Reached skill level 1 in Long Blades
  1986 | D:2      | Reached skill level 1 in Axes
  1986 | D:2      | Reached skill level 1 in Maces & Flails
  1986 | D:2      | Reached skill level 1 in Polearms
  1986 | D:2      | Reached skill level 1 in Staves
  1986 | D:2      | Reached skill level 1 in Ranged Weapons
  1986 | D:2      | Reached skill level 1 in Throwing
  1986 | D:2      | Reached skill level 1 in Dodging
  1986 | D:2      | Reached skill level 1 in Stealth
  1986 | D:2      | Reached skill level 1 in Shields
  1986 | D:2      | Reached skill level 1 in Unarmed Combat
  2081 | D:2      | Reached XP level 4. HP: 10/38 MP: 11/11
  2999 | D:3      | Reached skill level 1 in Conjurations
  2999 | D:3      | Reached skill level 1 in Summonings
  2999 | D:3      | Reached skill level 1 in Necromancy
  2999 | D:3      | Reached skill level 1 in Translocations
  2999 | D:3      | Reached skill level 1 in Transmutations
  2999 | D:3      | Reached skill level 1 in Fire Magic
  2999 | D:3      | Reached skill level 1 in Ice Magic
  2999 | D:3      | Reached skill level 1 in Air Magic
  2999 | D:3      | Reached skill level 1 in Earth Magic
  2999 | D:3      | Reached skill level 1 in Poison Magic
  3282 | D:3      | Slain by a goblin

Illustrated notes

Levels and vault maps discovered:
D:1:      ebering_trefoil_twist, layout_basic, serial_bayou_lagoon_b
D:2:      layout_basic, ebering_ecumenical_altar_sacrificial,
          nicolae_grassy_gnolls
D:3:      layout_loops_ring

Skill      XL: |  1  2  3  4 |
---------------+-------------+-----
Spellcasting   | 5 |  5.1
Invocations    | 1 |  1.3
Short Blades   | 1 |  1.2
Long Blades    | 1 |  1.2
Axes           | 1 |  1.2
Maces & Flails | 1 |  1.2
Polearms       | 1 |  1.2
Staves         | 1 |  1.2
Ranged Weapons | 1 |  1.2
Throwing       | 1 |  1.2
Dodging        | 1 |  1.2
Stealth        | 1 |  1.2
Shields        | 1 |  1.2
Unarmed Combat | 1 |  1.2
Conjurations   | 1 |  1.0
Summonings     | 1 |  1.0
Necromancy     | 1 |  1.0
Translocations | 1 |  1.0
Transmutations | 1 |  1.0
Fire Magic     | 1 |  1.0
Ice Magic      | 1 |  1.0
Air Magic      | 1 |  1.0
Earth Magic    | 1 |  1.0
Poison Magic   | 1 |  1.0
Fighting       | |  4.6
Armour         | |  6.6
Hexes          | |  3.8
Evocations     | |  2.8

Action                   |  1- 3 |  4- 6 || total
-------------------------+-------+-------++-------
Melee: Club              |    73 |       ||    73
       Bite              |    12 |     7 ||    19
       Short sword       |    97 |    66 ||   163
       Punch             |     2 |       ||     2
Throw: Boomerang         |    11 |       ||    11
 Cast: Slow              |       |     2 ||     2
  Use: Scroll            |     5 |     1 ||     6
Armor: Chain mail        |   145 |    42 ||   187
Dodge: Dodged            |    58 |    18 ||    76
